 Dungeon Crawl Stone Soup version 0.31-a0-667-g39726597b9 (webtiles) character file.

Game seed: 5013567215462537188

113 night the Ruffian (level 4, -1/34 HPs)
             Began as a Demonspawn Shapeshifter on Sept 3, 2023.
             Killed by divine providence
             ... invoked by an orc priest
              (13 damage)
             ... on level 3 of the Dungeon.
             The game lasted 00:03:58 (2024 turns).

night the Ruffian (Demonspawn Shapeshifter)         Turns: 2024, Time: 00:03:58

Health: -1/34      AC:  5    Str: 15    XL:     4   Next: 65%
Magic:  4/4        EV: 10    Int: 15    God:
Gold:   170        SH:  0    Dex: 12    Spells: 3/3 levels left

rFire   . .          .
                       - Unarmed
rCold   . . .        (no shield)
rNeg    . . .        h - +0 ring mail
rPois   .            (helmet currently unavailable)
rElec   .            (cloak currently unavailable)
rCorr   .            (gloves currently unavailable)
SInv    .            (boots currently unavailable)
Will    .....        (no amulet)
Stlth   +            (no ring)
HPRegen 0.25/turn    (no ring)
MPRegen 0.09/turn

%: no passive effects
@: beast-form
A: beast (slay +1), big brain 1, weakness stinger 1
a: Begin Untransformation


You were on level 3 of the Dungeon.
You were a hulking beast.
You visited 1 branch of the dungeon, and saw 3 of its levels.

You collected 170 gold pieces.

Inventory:

Missiles
 g - 29 stones
 j - 3 poisoned darts
 r - 2 curare-tipped darts
Armour
 a - a +0 animal skin
 h - a +0 ring mail (worn)
Jewellery
 m - an amulet of faith
Talismans
 c - a beast talisman (active)
 d - a flux talisman
Scrolls
 f - 3 scrolls of amnesia {unknown}
 k - a scroll of fear {unknown}
 l - 2 scrolls of identify {unknown}
 o - a scroll of poison {unknown}
 p - a scroll of teleportation {unknown}
 q - a scroll of immolation {unknown}
Potions
 b - a potion of lignification
 i - a potion of haste {unknown}
 n - 2 potions of might {unknown}


   Skills:
 + Level 2.7 Fighting
 - Level 1.7 Dodging
 + Level 3.6 Unarmed Combat
 + Level 3.4 Shapeshifting


You had 3 spell levels left.
You didn't know any spells.
Your spell library contained the following spells:

 Spells                   Type           Power      Damage    Failure   Level
 Kiss of Death            Conj/Necr      0%         2d5       47%         1
 Confusing Touch          Hex            0%         N/A       85%         3
 Dispel Undead            Necr           0%         3d6       99%         4


Dungeon Overview and Level Annotations

Branches:
Dungeon (3/15)

Altars:


Innate Abilities, Weirdness & Mutations

You are a hulking beast.
Your limbs bulge with bestial killing power. (Slay +1)
You have an unusually large brain. (Int +2)
You have a small tail.


Message History

You hit the orc wizard.
The orc wizard is lightly wounded.
You hit the orc wizard.
The orc wizard is moderately wounded.
The orc wizard gestures at you while chanting.
The magic dart hits you.
It was a potion of curing.
You feel better.
The orc wizard casts a spell.
The orc wizard flickers and vanishes!
Deactivating autopickup; reactivate with Ctrl-A.
You closely miss something. Something hits you but does no damage.
You closely miss something.
Your tail-slap misses something.
You hear some strange, mumbled words.
A puff of flame appears from out of thin air!
The puff of flame misses you.
Okay, then.
You barely miss something. You tail-slap something. Something hits you.
You hit something. Your punch misses something.
You hear some strange, mumbled words.
Something tries to affect you, but you resist.
You miss something. Something hits you but does no damage.
You hit something. Something hits you.
You hit something.
Reactivating autopickup.
You feel a bit more experienced.
You barely miss the orc. You punch the orc.
The orc is severely wounded.
The orc priest mumbles some strange prayers to Beogh against you.
Beogh smites you! The orc closely misses you.
You closely miss the orc.
The orc is severely wounded.
The orc hits you with a +0 flail.
You closely miss the orc.
The orc is severely wounded.
The orc hits you but does no damage.
You completely miss the orc. You tail-slap the orc.
You kill the orc!
The orc priest calls down the wrath of Beogh upon you.
Beogh smites you!
You die...

##### ##†..#####
#.###.h)o# #.# #.##'#
#.#####...#
#....#$8.8$# #
#....#..o)$# #.#
#....#o8o8.# ..
##...##._$### ####.####
####.#####.####.......#
#####.##.#.......#


You could see an orc priest.

Vanquished Creatures
  An orc wizard (D:3)
  2 adders
  A dart slug (D:3)
  2 orcs (D:3)
  6 endoplasms
  A giant cockroach (D:1)
  A goblin (D:1)
  7 hobgoblins
  10 jackals
  4 kobolds
  5 quokkas
  4 ball pythons
  8 bats
  5 frilled lizards
  6 rats
63 creatures vanquished.

Notes
Turn   | Place    | Note
-------+----------+-------------------------------------------
     0 | D:1      | night the Demonspawn Shapeshifter began the quest for the
                  | Orb.
     0 | D:1      | Reached XP level 1. HP: 15/15 MP: 1/1
    40 | D:1      | Gained mutation: You have a small tail. [demonic ancestry]
    40 | D:1      | Reached XP level 2. HP: 7/21 MP: 2/2
   377 | D:1      | Gained mutation: You have an unusually large brain. (Int
                  | +2) [demonic ancestry]
   377 | D:1      | Reached XP level 3. HP: 27/27 MP: 3/3
   415 | D:1      | Reached skill level 2 in Fighting
  1697 | D:3      | Reached XP level 4. HP: 34/34 MP: 4/4
  2024 | D:3      | Killed from afar by an orc priest

Illustrated notes

Levels and vault maps discovered:
D:1:      dpeg_arrival_orchard, layout_basic
D:2:      layout_basic
D:3:      layout_loops_cross, kennysheep_orc_chapel

Skill      XL: |  1  2  3 |
---------------+----------+-----
Unarmed Combat | 3 |  3.6
Shapeshifting  | 3 |  3.4
Fighting       | 2 |  2.7
Dodging        | |  1.7

Action                     |  1- 3 |  4- 6 || total
---------------------------+-------+-------++-------
  Melee: Unarmed           |   112 |    36 ||   148
         Punch             |     1 |     1 ||     2
         Tailslap          |     7 |     5 ||    12
    Use: Potion            |       |     1 ||     1
 Armour: Animal skin       |    32 |       ||    32
         Ring mail         |    15 |    25 ||    40
  Dodge: Dodged            |    66 |     9 ||    75

Table legend: (Time is in decaauts)
 A = Elapsed time spent in this place.
 B = Non-inter-level travel time spent in this place.
 C = Inter-level travel time spent in this place.
 D = Time resting spent in this place.
 E = Time spent auto-exploring this place.
 F = Levels seen in this place.
 G = Mean time per level.
                   A        B        C        D        E       F      G
               +--------+--------+--------+--------+--------+-----+--------+
         Total |   2014 |   1946 |     68 |     59 |   1508 |   3 |  671.3 |
       Dungeon |   2014 |   1946 |     68 |     59 |   1508 |   3 |  671.3 |
               +--------+--------+--------+--------+--------+-----+--------+

Top non-repeatable levels by time:
     D:2: 824 daAuts
     D:1: 764 daAuts
     D:3: 426 daAuts
